 Dungeon Crawl Stone Soup version 0.31-a0-1376-g36f0627844 (webtiles) character file.

Game seed: 6808274240414011701

67 Querens the Shield-Bearer (level 4, -4/37 HPs)
             Began as a Formicid Fighter on Dec 24, 2023.
             Slain by a gnoll
             ... wielding a +0 spear
              (6 damage)
             ... on level 2 of the Dungeon.
             The game lasted 00:02:04 (679 turns).

Querens the Shield-Bearer (Formicid Fighter)         Turns: 679, Time: 00:02:04

Health: -4/37      AC:  7    Str: 23    XL:     4   Next: 38%
Magic:  4/4        EV:  9    Int:  7    God:
Gold:   105        SH:  5    Dex: 13    Spells: 3/3 levels left

rFire   . . .        a - +0 war axe
rCold   . . .        c - +0 buckler
rNeg    . . .        b - +0 scale mail
rPois   .            (helmet unavailable)
rElec   .            (no cloak)
rCorr   .            (no gloves)
SInv    +            (no boots)
Will    .....        (no amulet) Stlth
                     (no ring)
HPRegen 0.26/turn    (no ring)
MPRegen 0.09/turn

%: no passive effects
@: no status effects
A: permanent stasis, dig shafts and tunnels, antennae 3, four strong arms
a: Dig, Shaft Self


You were on level 2 of the Dungeon.
You visited 1 branch of the dungeon, and saw 2 of its levels.

You collected 105 gold pieces.

Inventory:

Hand Weapons
 a - a +0 war axe (weapon)
Armour
 b - a +0 scale mail (worn)
 c - a +0 buckler (worn)
Scrolls
 e - a scroll of amnesia {unknown}
 g - a scroll of fear {unknown}
 h - a scroll of vulnerability {unknown}
 i - a scroll of teleportation {unknown}
 k - a scroll of enchant armour {unknown}
 m - a scroll of identify {unknown}
Potions
 d - a potion of might
 f - a potion of brilliance {unknown}
 j - a potion of degeneration {unknown}
 l - a potion of attraction {unknown}


   Skills:
 + Level 3.9 Fighting
 + Level 2.7 Axes
 + Level 3.9 Armour
 + Level 4.8 Shields


You had 3 spell levels left.
You didn't know any spells.
Your spell library was empty.

Dungeon Overview and Level Annotations

Branches:
Dungeon (2/15)

Altars:


Innate Abilities, Weirdness & Mutations

You cannot be hasted, slowed, berserked, paralysed or teleported.
You can dig through walls and to a lower floor.
You have a pair of large antennae on your head. (SInv)
Your four strong arms can wield two-handed weapons with a shield.


Message History

You slash the kobold!
You kill the kobold!
You closely miss Natasha. The gnoll hits you with a +0 whip.
The gnoll hits you from afar with a +0 spear.
Natasha claws you.
A ball python comes into view.
You are too injured to fight recklessly!
Unknown command.
You are too injured to fight recklessly!
Unknown command.
The ball python hisses angrily.
You slash Natasha!
Natasha is severely wounded.
You closely miss the gnoll. You block the gnoll's attack.
The gnoll hits you but does no damage.
Natasha hisses.
Natasha zaps a wand.
You resist with some effort. The gnoll closely misses you.
You block the gnoll's attack. The gnoll misses you.
Natasha mumbles some strange words.
Natasha glows brightly for a moment.
Natasha closely misses you.
You hit Natasha.
You kill Natasha!
Natasha yowls pathetically as she dies!
You slash the gnoll! You completely miss the gnoll.
The gnoll hits you with a +0 whip!
* * * LOW HITPOINT WARNING * * *
The gnoll barely misses you. You block the gnoll's attack.
You have reached level 4!
You feel stronger.
Unknown command.
You completely miss the gnoll. You barely miss the gnoll. x2
The gnoll hits you with a +0 whip.
* * * LOW HITPOINT WARNING * * *
The gnoll hits you with a +0 whip.
* * * LOW HITPOINT WARNING * * *
The gnoll hits you with a +0 club.
* * * LOW HITPOINT WARNING * * *
The gnoll hits you from afar with a +0 spear.
You die...

#.#
...#.....##
#.#
,..#......#
#.#
........#
#.#
#J......#
#.#
#.S.....#
#.#
#.g....#
#.#
#.gg)..#
#.# #g@##.#
#.#
##..#.###.#
##..>....#
#########


You could see 4 gnolls, an endoplasm and a ball python.

Vanquished Creatures
  Natasha (D:2)
  A gnoll (D:1)
  An adder (D:2)
  A dart slug (D:2)
  2 endoplasms (D:1)
  3 hobgoblins (D:1)
  3 jackals (D:1)
  A quokka (D:1)
  A ball python (D:1)
  3 frilled lizards (D:1)
  2 goblins (D:1)
  A kobold (D:2)
  2 rats (D:1)
22 creatures vanquished.

Notes
Turn   | Place    | Note
-------+----------+-------------------------------------------
     0 | D:1      | Querens the Formicid Fighter began the quest for the Orb.
     0 | D:1      | Reached XP level 1. HP: 18/18 MP: 1/1
    94 | D:1      | Reached XP level 2. HP: 24/24 MP: 2/2
   352 | D:1      | Found a faded altar of an unknown god.
   364 | D:1      | Reached XP level 3. HP: 29/29 MP: 3/3
   671 | D:2      | Noticed Natasha
   678 | D:2      | Killed Natasha
   679 | D:2      | Reached XP level 4. HP: 10/37 MP: 4/4
   679 | D:2      | Slain by a gnoll

Illustrated notes

Levels and vault maps discovered:
D:1:      amcnicky_arrival_abandoned_market, layout_loops_ring, serial_rivers,
          chequers_serial_rivers_micro_d, chequers_serial_rivers_micro_a,
          chequers_serial_rivers_room_b, chequers_serial_rivers_micro_e,
          shapermc_ecumenical_altar_notcrosses, nicolae_the_louvre
D:2:      layout_basic, uniq_jessica, uniq_natasha

Action                     |  1- 3 |  4- 6 || total
---------------------------+-------+-------++-------
  Melee: War axe           |    42 |     1 ||    43
 Armour: Scale mail        |    32 |     4 ||    36
  Dodge: Dodged            |    26 |       ||    26
  Block: Buckler           |    20 |       ||    20

Table legend: (Time is in decaauts)
 A = Elapsed time spent in this place.
 B = Non-inter-level travel time spent in this place.
 C = Inter-level travel time spent in this place.
 D = Time resting spent in this place.
 E = Time spent auto-exploring this place.
 F = Levels seen in this place.
 G = Mean time per level.
                   A        B        C        D        E       F      G
               +--------+--------+--------+--------+--------+-----+--------+
         Total |    699 |    663 |     36 |      0 |      0 |   2 |  349.5 |
       Dungeon |    699 |    663 |     36 |      0 |      0 |   2 |  349.5 |
               +--------+--------+--------+--------+--------+-----+--------+

Top non-repeatable levels by time:
     D:1: 601 daAuts
     D:2: 97 daAuts
